 Dungeon Crawl Stone Soup version 0.25-a0-479-g8579842fd4 (webtiles) character file.

Game seed: 5163903509401296348, levelgen mode: deterministic

260 vurker the Gusty (level 5, -2/22 HPs)
             Began as a Felid Air Elementalist on Feb 9, 2020.
             Slain by a mummy (5 damage)
             ... in an ossuary.
             The game lasted 00:05:01 (3787 turns).

vurker the Gusty (Felid Air Elementalist)           Turns: 3787, Time: 00:05:01

Health: -2/22      AC:  1    Str:  4    XL:     5   Next: 95%
Magic:  4/11       EV: 18    Int: 17    God:
Gold:   169        SH:  0    Dex: 17    Spells: 1/11 levels left
                                        Lives:  0   Deaths: 1

rFire    . . .     SeeInvis +   (weapon unavailable)
rCold    . . .     Gourm    .   (shield unavailable)
rNeg     . . .     Faith    .   (armour unavailable)
rPois    .         Spirit   .   (helmet unavailable)
rElec    .         Reflect  .   (cloak unavailable)
rCorr    .         Harm     .   (gloves unavailable)
MR       .....                  (boots unavailable)
Stlth    +++.......             h - amulet of magic regeneration
HPRegen  0.07/turn              (no ring)
MPRegen  0.37/turn              (no ring)

@: quick
A: very small, no armour, no weapons or thrown items, stealth, claws 1, fangs 3,
see invisible, carnivore, speed 1, shaggy fur 1, slow metabolism 1, sharp paws
a: no special abilities


You were in an ossuary.
You were completely stuffed.

You visited 1 branch of the dungeon, and saw 4 of its levels.
You also visited: Ossuary.

You collected 169 gold pieces.

Inventory:

Jewellery
 h - an amulet of magic regeneration (around neck)
   (You found it on level 2 of the Dungeon)
 p - a cursed ring of attention {unknown}
   (You found it on level 3 of the Dungeon)
Scrolls
 a - a scroll of enchant weapon {unknown}
 c - a scroll of magic mapping {unknown}
 d - a scroll of amnesia {unknown}
 f - a scroll of identify {unknown}
 i - 3 scrolls of fear {unknown}
 j - a scroll of remove curse {unknown}
 k - 2 scrolls of teleportation {unknown}
 l - 3 scrolls of fog {unknown}
 o - a scroll of enchant armour {unknown}
Potions
 b - a potion of mutation {unknown}
 m - 2 potions of might {unknown}
 n - a potion of cancellation {unknown}
 q - a potion of ambrosia {unknown}
 r - a potion of magic {unknown}
Comestibles
 e - 8 rations
 g - 15 chunks of flesh


   Skills:
 + Level 2.1 Fighting
 - Level 2.6 Dodging
 - Level 2.6 Stealth
 * Level 3.8 Spellcasting
 + Level 3.1 Conjurations
 * Level 4.2 Air Magic


You had one spell level left.
You knew the following spells:

 Your Spells              Type           Power        Failure   Level  Hunger
a - Shock                 Conj/Air       ###.         3%          1    None
b - Lightning Bolt        Conj/Air       ###.......   69%         5    ######.
c - Airstrike             Air            ###.......   28%         4    ####...

Your spell library contained the following spells:

 Spells                   Type           Power        Failure   Level  Hunger
 Animate Skeleton         Necr           N/A          16%         1    None
 Apportation              Tloc           #.....       16%         1    None
 Corona                   Hex            #......      16%         1    None
 Summon Small Mammal      Summ           #...         16%         1    None
 Swiftness                Chrm/Air       ##......     11%         2    ##.....
 Static Discharge         Conj/Air       ###.....     11%         3    ###....


Dungeon Overview and Level Annotations

Branches:
Dungeon (4/15)            Ossuary (1/1)
 Temple: D:4-7

Altars:


Innate Abilities, Weirdness & Mutations

You cannot wear armour.
You are incapable of wielding weapons or throwing items.
Your paws allow you to move quietly. (Stealth)
You have sharp claws.
You have razor-sharp teeth.
You have supernaturally acute eyesight. (SInv)
You are carnivorous and can eat meat at any time.
You cover ground quickly.
You are covered in fur. (AC +1)
You have a slow metabolism.
Your sharp claws are effective at attacking unaware monsters.


Message History

Found 11 gold pieces and a glowing green potion.
You see here a robe.
Okay, then.
e - 8 rations (gained 1)
You now have 169 gold pieces (gained 11).
Found a stone staircase leading up.
q - a glowing green potion You hear the slow hiss of an avalanche of sand nearby.
Found a grey potion.
r - a grey potion
Found a ration.
Found a sand-covered staircase.
There is a sand-covered staircase here.
The world spins around you as you enter the gateway.
You enter an ossuary! 3 mummies and 2 zombies come into view.
Found a gate leading back out of this place.
There is an empty arch of ancient stone here.
The zap hits the mummy. x2
The zap hits the mummy. x2
Some of the chunks of flesh in your inventory have rotted away.
The zap hits the mummy.
The zap hits the mummy.
You destroy the mummy!
Aim: a mummy The zap hits the mummy.
Aim: a mummy (moderately damaged)
The zap hits the mummy.
Aim: a mummy (severely damaged)
The zap hits the mummy. x2
The centaur zombie completely misses you.
Aim: a mummy (almost destroyed)
The zap hits the mummy.
The centaur zombie barely misses you. The mummy misses you.
The centaur zombie misses you.
Aim: a mummy (almost destroyed)
The zap hits the mummy.
You destroy the mummy!
The centaur zombie hits you. The mummy misses you.
Aim: a mummy (lightly damaged)
The zap hits the mummy.
The centaur zombie hits you!
* * * LOW HITPOINT WARNING * * *
The mummy misses you.
Aim: a mummy (moderately damaged)
The zap hits the centaur zombie.
The zap hits the mummy.
The centaur zombie barely misses you.
Aim: a mummy (heavily damaged)
The zap hits the mummy.
The centaur zombie hits you.
* * * LOW HITPOINT WARNING * * *
The mummy hits you.
You die...

#
###########.#
##..........^.
#..M..........
#.@ZZ.∩.∩...^.
#...........^^
##............
###########.#
#


You could see a mummy, a hobgoblin zombie and a centaur zombie.

Vanquished Creatures
  2 orc wizards (D:3)
  2 orc priests (D:3)
  A worker ant (D:4)
  2 mummies (Ossuary)
  4 gnolls (D:2)
  6 adders
  3 worms
  5 dart slugs
  A leopard gecko (D:2)
  16 orcs
  2 giant cockroaches
  6 goblins
  5 hobgoblins
  6 jackals
  12 kobolds
  3 quokkas
  6 bats
  6 frilled lizards
  5 rats
93 creatures vanquished.

Notes
Turn   | Place    | Note
-------+----------+-------------------------------------------
     0 | D:1      | vurker the Felid Air Elementalist began the quest for the
                  | Orb.
     0 | D:1      | Reached XP level 1. HP: 7/7 MP: 4/4
     4 | D:1      | Reached skill level 1 in Conjurations
   378 | D:1      | Reached XP level 2. HP: 11/11 MP: 1/6
   545 | D:1      | Reached skill level 3 in Air Magic
  1126 | D:2      | Reached XP level 3. HP: 10/15 MP: 3/7
  1745 | D:2      | Reached skill level 1 in Fighting
  1745 | D:2      | Reached XP level 4. HP: 10/19 MP: 7/9
  2842 | D:3      | Reached XP level 5. HP: 17/22 MP: 3/10
  3042 | D:3      | Learned a level 5 spell: Lightning Bolt
  3047 | D:3      | Learned a level 4 spell: Airstrike
  3110 | D:3      | Slain by an orc
  3111 | D:3      | Reached XP level 4. HP: 0/19 MP: 2/10
  3203 | D:3      | Reached XP level 5. HP: 22/22 MP: 5/11
  3224 | D:3      | Reached skill level 4 in Air Magic
  3764 | D:4      | Found a sand-covered staircase.
  3771 | Ossuary  | Entered an ossuary
  3787 | Ossuary  | Slain by a mummy

Levels and vault maps discovered:
D:1:      grunt_arrival_crossed_arrows, layout_basic, skrybe_limestone_x,
          minmay_small_reverse_x
D:2:      layout_loops_ring, first_ration
D:3:      layout_basic
D:4:      layout_loops_cross, nicolae_ossuary_entry_monument
Ossuary:  ossuary_the_hunt_dpeg

Skill      XL: |  1  2  3  4  5 |
---------------+----------------+-----
Conjurations   | 1 2 3 |  3.1
Air Magic      | 3 4 |  4.2
Fighting       | 1 2 |  2.1
Spellcasting   | 3 |  3.8
Dodging        | |  2.6
Stealth        | |  2.6

Action                   |  1- 3 |  4- 6 || total
-------------------------+-------+-------++-------
Melee: Unarmed           |    12 |     2 ||    14
       Bite              |     1 |       ||     1
 Cast: Shock             |    69 |   188 ||   257
  Eat: Chunk             |     9 |    10 ||    19
Armor: Skin              |       |     1 ||     1
Dodge: Dodged            |    29 |    31 ||    60

Table legend:
 A = Non-vault XP
 B = Vault XP
 C = Vault XP percentage of total XP
 D = Non-vault monster count
 E = Vault monster count
 F = Vault count percentage of total count
                 A         B        C        D         E       F
            +---------+---------+-------+---------+---------+-------
      Total |     489 |      45 |   8.4 |      87 |       6 |   6.5
            +---------+---------+-------+---------+---------+-------
        D:1 |      29 |       9 |  23.7 |      17 |       4 |  19.0
        D:2 |     109 |       0 |   0.0 |      24 |       0 |   0.0
        D:3 |     303 |       0 |   0.0 |      40 |       0 |   0.0
        D:4 |      48 |       0 |   0.0 |       6 |       0 |   0.0
    Ossuary |       0 |      36 | 100.0 |       0 |       2 | 100.0
            +---------+---------+-------+---------+---------+-------
